 Dungeon Crawl Stone Soup version 0.24.0-125-gc4c63601f3 (webtiles) character file.

Game seed: 7744718983662189284, levelgen mode: deterministic

928 1994 the Chopper (level 7, -4/55 HPs)
             Began as a Demonspawn Gladiator on Feb 17, 2020.
             Was an Initiate of Kikubaaqudgha.
             Slain by Blork the orc
             ... wielding a +0 glaive
              (7 damage)
             ... on level 5 of the Dungeon.
             The game lasted 00:11:24 (5804 turns).

1994 the Chopper (Demonspawn Gladiator)             Turns: 5804, Time: 00:11:26

Health: -4/55      AC:  6    Str: 16    XL:     7   Next: 85%
Magic:  0/7        EV: 13    Int:  9    God:    Kikubaaqudgha [......]
Gold:   45         SH:  0    Dex: 15    Spells: 6/6 levels left

rFire    . . .     SeeInvis .   a - +0 war axe
rCold    . . .     Gourm    .   (no shield)
rNeg     . . .     Faith    .   j - +1 ring mail
rPois    .         Spirit   +   (helmet restricted)
rElec    .         Reflect  .   (no cloak)
rCorr    .         Harm     .   (no gloves)
MR       .....                  (no boots)
Stlth    +.........             (no amulet)
HPRegen  0.18/turn              (no ring)
MPRegen  0.20/turn              y - +5 ring of slaying

@: no status effects
A: horns 2, magic shield, magic regeneration
a: Renounce Religion


You were on level 5 of the Dungeon.
You worshipped Kikubaaqudgha.
Kikubaaqudgha was noncommittal.
You were not hungry.

You visited 2 branches of the dungeon, and saw 6 of its levels.

You collected 45 gold pieces.

Inventory:

Hand Weapons
 a - a +0 war axe (weapon)
 i - a +1 falchion of flaming
 w - a +0 hunting sling
Missiles
 d - 3 throwing nets
 e - 65 stones
 g - 17 sling bullets
 k - 38 poisoned darts (quivered)
 o - 8 boomerangs
Armour
 h - a +0 leather armour of poison resistance
 j - a +1 ring mail (worn)
Jewellery
 y - a +5 ring of slaying (right hand)
Wands
 q - a wand of scattershot (1)
Scrolls
 m - a scroll of enchant armour
 n - 2 scrolls of immolation {unknown}
 r - a scroll of amnesia {unknown}
 s - a scroll of remove curse
 t - 5 scrolls of teleportation
 u - a scroll of identify
 x - a scroll of noise {unknown}
Potions
 c - 2 potions of flight {unknown}
 l - a potion of lignification
 p - a potion of agility
 v - 2 potions of heal wounds
Comestibles
 f - 7 rations


   Skills:
 + Level 4.8 Fighting
 * Level 6.4 Axes
 - Level 1.7 Throwing
 + Level 4.8 Dodging


You had 6 spell levels left.
You didn't know any spells.
Your spell library contained the following spells:

 Spells                   Type           Power        Failure   Level  Hunger
 Confusing Touch          Hex            #.....       61%         1    ##.....
 Confuse                  Hex            #.......     93%         3    ####...
 Gell's Gravitas          Tloc           #.........   93%         3    ####...
 Petrify                  Tmut/Erth      #.......     100%        4    #####..
 Metabolic Englaciation   Hex/Ice        #.........   100%        5    ######.
 Yara's Violent Unravell  Hex/Tmut       #.........   100%        5    ######.


Dungeon Overview and Level Annotations

Branches:
Dungeon (5/15)             Temple (1/1) D:5

Altars:
Ashenzari
Cheibriados
Dithmenos
Elyvilon
Fedhas
Gozag
Hepliaklqana
Kikubaaqudgha
Okawaru
Ru
Sif Muna
Trog
Uskayaw
Vehumet
Wu Jian
Xom
Yredelemnul
Zin
The Shining One

Annotations:
D:5 Blork the orc


Innate Abilities, Weirdness & Mutations

You have a pair of horns on your head.
When hurt, damage is shared between your health and your magic reserves.
You regenerate magic rapidly.


Message History

A puff of flame appears from out of thin air!
The puff of flame misses you. Something hits you. Something barely misses you.
Something hits you. Something hits you!
You bump into the rock wall.
Something hits you but does no damage. Something hits you!
* * * LOW HITPOINT WARNING * * *
You closely miss something. You completely miss something.
You feel less confused.
Something hits you but does no damage. x2
You hear some strange, mumbled words.
Something tries to affect you, but you resist.
You slash something! Your headbutt misses something.
Your ring mail prevents you from hitting something.
Something hits you!
* * * LOW HITPOINT WARNING * * *
Something hits you.
* * * LOW HITPOINT WARNING * * *
Something hits you!
You die...
Kikubaaqudgha rasps: "You have failed me!
Welcome... death!"

..#.. ... #.#
#.###)###.#
#.....)...#
#####O##### #o#
## #{##.##
#######@#...####
...............+
#######.#...####
#.##.## ....
#.######## ...
#........# ...
#....###.# #'#
##...# #.# #.#
##.####.#####.###


You could see an ogre and an orc.

Vanquished Creatures
  Eustachio (D:5)
  A phantom (D:4)
  An ogre (D:4)
  A crimson imp (D:5)
  An orc priest (D:5)
  A hound (D:4)
  6 orc wizards
  An iguana (D:5)
  3 worker ants (D:4)
  4 gnolls (D:5)
  8 adders
  An ooze (D:2)
  5 worms
  A dart slug (D:2)
  4 leopard geckos
  14 orcs
  A ball python (D:3)
  7 giant cockroaches
  8 goblins
  8 hobgoblins
  10 jackals
  3 quokkas
  11 bats
  4 frilled lizards
  A jackal skeleton (D:4)
  13 kobolds
  A quokka skeleton (D:4)
  6 rats
126 creatures vanquished.

Notes
Turn   | Place    | Note
-------+----------+-------------------------------------------
     0 | D:1      | 1994 the Demonspawn Gladiator began the quest for the Orb.
     0 | D:1      | Reached XP level 1. HP: 16/16 MP: 1/1
   423 | D:1      | Reached skill level 3 in Axes
   426 | D:1      | Gained mutation: When hurt, damage is shared between your
                  | health and your magic reserves. [demonic ancestry]
   426 | D:1      | Reached XP level 2. HP: 20/22 MP: 2/2
  1286 | D:2      | Gained mutation: You regenerate magic rapidly. [demonic
                  | ancestry]
  1286 | D:2      | Reached XP level 3. HP: 15/28 MP: 1/3
  1859 | D:2      | Reached XP level 4. HP: 29/34 MP: 4/4
  2739 | D:3      | Reached skill level 4 in Axes
  2864 | D:3      | Found a shimmering altar of Xom.
  2866 | D:3      | Found a shimmering altar of Xom.
  2866 | D:3      | Found a shimmering altar of Xom.
  2866 | D:3      | Found a shimmering altar of Xom.
  2866 | D:3      | Found a shimmering altar of Xom.
  2866 | D:3      | Found a shimmering altar of Xom.
  3053 | D:3      | Reached XP level 5. HP: 12/41 MP: 2/5
  4121 | D:4      | Gained mutation: You have a pair of small horns on your
                  | head. [demonic ancestry]
  4121 | D:4      | Reached XP level 6. HP: 31/47 MP: 4/6
  4357 | D:4      | Reached skill level 5 in Axes
  4697 | D:4      | Gained mutation: You have a pair of horns on your head.
                  | [demonic ancestry]
  4697 | D:4      | Reached XP level 7. HP: 47/54 MP: 5/7
  5265 | D:5      | Entered Level 5 of the Dungeon
  5318 | D:5      | Noticed Eustachio
  5335 | D:5      | Killed Eustachio
  5335 | D:5      | Reached skill level 6 in Axes
  5554 | D:5      | Found a staircase to the Ecumenical Temple.
  5570 | Temple   | Entered the Ecumenical Temple
  5730 | Temple   | Became a worshipper of Kikubaaqudgha
  5780 | D:5      | Noticed Blork the orc
  5804 | D:5      | Slain by Blork the orc

Levels and vault maps discovered:
D:1:      shiori_angband_town, layout_basic
D:2:      layout_basic, serial_corexii_hall, corexii_hall_statues_i,
          corexii_hall_statues_i
D:3:      minmay_evil_eye, layout_loops_corners, xom_redecorated
D:4:      minmay_razor_zed, layout_basic, first_ration
D:5:      layout_loops_corners, makhleb_blood_cavern_becter,
          minmay_temple_entry_proselytizer, uniq_blork_the_orc, uniq_sigmund,
          uniq_eustachio
Temple:   regret_index_temple_mists

Skill      XL: |  1  2  3  4  5  6  7 |
---------------+----------------------+-----
Axes           | 3 4 5 6 |  6.4
Dodging        | 3 4 |  4.8
Fighting       | 3 4 |  4.8
Throwing       | |  1.7

Action                   |  1- 3 |  4- 6 |  7- 9 || total
-------------------------+-------+-------+-------++-------
Melee: War axe           |   104 |   201 |    70 ||   375
       Headbutt          |       |     8 |    20 ||    28
Throw: Stone             |     3 |       |       ||     3
       Dart              |       |    10 |       ||    10
Evoke: Wand              |       |     4 |       ||     4
  Use: Scroll            |       |     7 |       ||     7
  Eat: Chunk             |     3 |     9 |     4 ||    16
Armor: Leather armour    |     4 |       |       ||     4
       Ring mail         |    42 |    77 |    36 ||   155
       Scale mail        |     5 |       |       ||     5
Dodge: Dodged            |   103 |   157 |    59 ||   319
